[Event "ICC tourney 2808 (40 10)"]
[Site "Internet Chess Club"]
[Date "2022.01.29"]
[Round "4"]
[White "THAVUTAM, MANVITH:ManvithT"]
[Black "CAO, DANIEL:danielcao"]
[Result "0-1"]
[ICCResult "White resigns"]
[WhiteElo "877"]
[BlackElo "1318"]
[Opening "Sicilian"]
[ECO "B56"]
[NIC "SI.25"]
[Time "17:45:55"]
[PlyCount "62"]
[TimeControl "2400+10"]

1. e4 c5 2. Nf3 Nc6 3. d4 cxd4 4. Nxd4 Nf6 5. Nc3 d6 6. Bb5 Bd7 7. O-O g6 8.
h3 Bg7 9. Re1 O-O 10. Be3 a6 11. Ba4 b5 12. Bb3 Ne5 13. Qd2 Nc4 14. Bxc4
bxc4 15. b3 cxb3 16. cxb3 Rc8 17. Rac1 Rxc3 18. Qxc3 Nxe4 19. Qd3 Nc5 20.
Qc4 Qa8 21. Nf3 Bb5 22. Qc2 Nd3 23. Nd4 Nxe1 24. Rxe1 Bd7 25. Bg5 Bxd4 26.
Bxe7 Re8 27. Qd2 Qa7 28. Bh4 Rxe1+ 29. Qxe1 Kg7 30. Qe7 Be5 31. Bg3 Bxg3
{White resigns}
0-1

[Event "ICC tourney 2808 (40 10)"]
[Site "Internet Chess Club"]
[Date "2022.01.29"]
[Round "4"]
[White "Wadhwa, Tejas:WinPeps"]
[Black "LIU, JOSHUA:JoshuaJMLiu"]
[Result "0-1"]
[ICCResult "White checkmated"]
[WhiteElo "680"]
[BlackElo "909"]
[Opening "Sicilian defense"]
[ECO "B44"]
[NIC "SI.39"]
[Time "17:45:37"]
[PlyCount "84"]
[TimeControl "2400+10"]

1. e4 c5 2. Nf3 Nc6 3. d4 cxd4 4. Nxd4 e6 5. Bb5 Qb6 6. Qd3 Nxd4 7. Bc4 Nc6
8. b3 Nf6 9. a4 a5 10. Be3 Qc7 11. Nc3 Bb4 12. O-O Bxc3 13. Qxc3 O-O 14.
Rad1 Nxe4 15. Qd3 Nf6 16. Bg5 Nb4 17. Qc3 Ne4 18. Qe3 Nxg5 19. Qxg5 Nxc2 20.
Qd2 Nb4 21. Bb5 d5 22. Rc1 Qd6 23. Rc3 Bd7 24. Bxd7 Qxd7 25. Rfc1 Rac8 26.
Rxc8 Rxc8 27. Rxc8+ Qxc8 28. Kf1 f5 29. Qd4 Kf7 30. Qa7 Nc6 31. Qb6 g5 32.
Ke2 Kf6 33. Qc5 h5 34. Qd6 Nd4+ 35. Kd3 Nxb3 36. Qb6 Qc5 37. Qxb3 Qxf2 38.
Qc3+ d4 39. Qxa5 Qe3+ 40. Kc2 d3+ 41. Kd1 Qe2+ 42. Kc1 Qc2# {White
checkmated} 0-1

[Event "ICC tourney 2808 (40 10)"]
[Site "Internet Chess Club"]
[Date "2022.01.29"]
[Round "4"]
[White "SREEKUMAR, GAYATHRI:K01-30061958"]
[Black "TOPA, RONALD:RonTopa"]
[Result "0-1"]
[ICCResult "White checkmated"]
[WhiteElo "933"]
[BlackElo "1228"]
[Opening "Queen's pawn game, Darooha variation "]
[ECO "D11"]
[NIC "QP.06"]
[Time "17:45:37"]
[PlyCount "48"]
[TimeControl "2400+10"]

1. Nf3 Nf6 2. d4 d5 3. c4 c6 4. g3 e6 5. Bg2 Bd6 6. O-O O-O 7. Bg5 h6 8.
Bxf6 Qxf6 9. Nc3 Re8 10. Re1 e5 11. dxe5 Bxe5 12. Nxe5 Qxe5 13. Qc2 Bf5 14.
Qc1 Nd7 15. cxd5 cxd5 16. Bxd5 Rab8 17. Rd1 Nf6 18. Bb3 Rbd8 19. Rxd8 Rxd8
20. h3 Bxh3 21. Bc2 Qc5 22. Ne4 Qc6 23. Nxf6+ gxf6 24. Qxh6 Qg2#
{White checkmated}
0-1

[Event "ICC tourney 2808 (40 10)"]
[Site "Internet Chess Club"]
[Date "2022.01.29"]
[Round "4"]
[White "BOGIN, THEODORE:tbogin1"]
[Black "RAMANATHAN, VARUN:Grasshopper411"]
[Result "0-1"]
[ICCResult "White checkmated"]
[WhiteElo "1492"]
[BlackElo "1062"]
[Opening "Caro-Kann: closed (Breyer) variation"]
[ECO "B10"]
[NIC "CK.01"]
[Time "17:46:21"]
[PlyCount "60"]
[TimeControl "2400+10"]

1. e4 c6 2. d3 d5 3. Nd2 e5 4. Ngf3 Bd6 5. g3 Nf6 6. Bg2 Qb6 7. O-O Be6 8.
Re1 d4 9. Nh4 Bc7 10. Nf1 Nbd7 11. f4 O-O-O 12. f5 Nf8 13. fxe6 Nxe6 14. Nf5
Rhe8 15. Bh3 Kb8 16. g4 Nf4 17. Bxf4 exf4 18. g5 Nh5 19. Qxh5 g6 20. Qxh7
gxf5 21. Qxf7 fxe4 22. Rxe4 Rf8 23. Qh7 Qxb2 24. Rae1 f3 25. Kh1 Ba5 26. Rd1
Qxc2 27. Re7 Qb2 28. g6 Rh8 29. Qf7 Rxh3 30. g7 Qg2# {White checkmated} 0-1

[Event "ICC tourney 2808 (40 10)"]
[Site "Internet Chess Club"]
[Date "2022.01.29"]
[Round "4"]
[White "YUAN, DAVID:David1250"]
[Black "YOUNG, BRUCE:Brucehero"]
[Result "1-0"]
[ICCResult "Black resigns"]
[WhiteElo "1225"]
[BlackElo "1234"]
[Opening "two knights defense: Bogolyubov variation"]
[ECO "C58"]
[NIC "KP.01"]
[Time "17:45:35"]
[PlyCount "65"]
[TimeControl "2400+10"]

1. e4 e5 2. Nf3 Nc6 3. Bc4 Nf6 4. Ng5 d5 5. exd5 Na5 6. Bb5+ c6 7. dxc6 bxc6
8. Qf3 Be7 9. Bxc6+ Nxc6 10. Qxc6+ Bd7 11. Qc4 O-O 12. O-O Rc8 13. Qe2 Ng4
14. Nf3 Bd6 15. d3 f5 16. h3 Nf6 17. Bg5 Re8 18. Nc3 h6 19. Bxf6 Qxf6 20.
Nd2 Qg6 21. Nc4 Bb8 22. Rfe1 f4 23. Qf3 h5 24. Ne4 Rf8 25. Ned6 Bxd6 26.
Qd5+ Be6 27. Qxd6 f3 28. g3 Qf5 29. Rxe5 Qxh3 30. Qxe6+ Qxe6 31. Rxe6 h4 32.
gxh4 Rf4 33. Kh2 {Black resigns} 1-0

[Event "ICC tourney 2808 (40 10)"]
[Site "Internet Chess Club"]
[Date "2022.01.29"]
[Round "4"]
[White "LEE, JEFFREY ALAN:jleecbd"]
[Black "SISTA, HIMAJA:ChessGirl15"]
[Result "1-0"]
[ICCResult "Black checkmated"]
[WhiteElo "1140"]
[BlackElo "685"]
[Opening "Sicilian: Nimzovich-Rossolimo attack (without ...d6)"]
[ECO "B30"]
[NIC "SI.31"]
[Time "17:45:38"]
[PlyCount "67"]
[TimeControl "2400+10"]

1. e4 c5 2. Nf3 Nc6 3. Bb5 Nf6 4. Nc3 d6 5. d4 cxd4 6. Nxd4 Bd7 7. O-O Qb6
8. Be3 Qd8 9. Nf3 a6 10. Ba4 b5 11. Bb3 Na5 12. e5 Ng4 13. exd6 Nxe3 14.
fxe3 Nxb3 15. cxb3 Qb6 16. Qd4 Qxd4 17. Nxd4 exd6 18. Rf3 f6 19. e4 Kf7 20.
Nd5 Re8 21. Re1 Bc8 22. Rc3 f5 23. Rc7+ Be7 24. exf5 Rhf8 25. Nc6 Kg8 26.
Ndxe7+ Kh8 27. g4 g6 28. fxg6 Bxg4 29. gxh7 Rf6 30. Rf1 Rxf1+ 31. Kxf1 Rf8+
32. Kg2 Bf3+ 33. Kg3 Bxc6 34. Ng6# {Black checkmated} 1-0

[Event "ICC tourney 2808 (40 10)"]
[Site "Internet Chess Club"]
[Date "2022.01.29"]
[Round "4"]
[White "NAGINENI, SATHVIK HRIDAY:sathvik07"]
[Black "Mason, Nelson:nelsonmason"]
[Result "1-0"]
[ICCResult "Black resigns"]
[WhiteElo "787"]
[BlackElo "1173"]
[Opening "Sicilian: Marshall variation"]
[ECO "B41"]
[NIC "QO.17"]
[Time "17:45:35"]
[PlyCount "85"]
[TimeControl "2400+10"]

1. d4 e6 2. e4 c5 3. Nf3 d5 4. exd5 exd5 5. Be3 c4 6. c3 Be7 7. Be2 Nd7 8.
O-O b5 9. Nbd2 Bf6 10. a3 Ne7 11. Re1 Qc7 12. Ne5 Nxe5 13. dxe5 Bxe5 14. Nf3
Bd6 15. g3 h6 16. Nd4 a6 17. Bg4 f5 18. Bh5+ g6 19. Bf3 f4 20. gxf4 Bxf4 21.
Bxf4 Qxf4 22. Nc6 Qg5+ 23. Kh1 Rh7 24. Qxd5 Qxd5 25. Bxd5 Bb7 26. Rxe7+ Rxe7
27. Nxe7 Bxd5+ 28. Nxd5 Kf7 29. Re1 Rd8 30. Nb4 Rd2 31. Rb1 Rxf2 32. Kg1 Rf6
33. Rf1 g5 34. Rxf6+ Kxf6 35. Nd5+ Ke5 36. Nc7 h5 37. Nxa6 Kf4 38. Nc7 h4
39. Nxb5 Kf3 40. a4 g4 41. a5 g3 42. hxg3 hxg3 43. a6 {Black resigns} 1-0

[Event "ICC tourney 2808 (40 10)"]
[Site "Internet Chess Club"]
[Date "2022.01.29"]
[Round "4"]
[White "FILOSOFOV, VASILII:Filosofov"]
[Black "CHANG, ALEXANDER:Elatedbook"]
[Result "1-0"]
[ICCResult "Black checkmated"]
[WhiteElo "1379"]
[BlackElo "1226"]
[Opening "two knights: Max Lange attack, Steinitz variation"]
[ECO "C50"]
[NIC "IG.02"]
[Time "17:45:26"]
[PlyCount "85"]
[TimeControl "2400+10"]

1. e4 e5 2. Nf3 Nc6 3. Bc4 Bc5 4. O-O Nf6 5. d4 exd4 6. e5 Ng4 7. h3 Nh6 8.
Nbd2 O-O 9. Ne4 Bb6 10. Bxh6 gxh6 11. Nf6+ Kh8 12. Qd2 d6 13. Qxh6 Bf5 14.
Nxh7 Bxh7 15. Ng5 Qxg5 16. Qxg5 Nxe5 17. Qf6+ Kg8 18. Be2 Rfe8 19. Kh1 Nd7
20. Qg5+ Bg6 21. Bh5 Re5 22. Qg4 Nf6 23. Qh4 Nxh5 24. f4 Rf5 25. g4 Rxf4 26.
a4 Be4+ 27. Kh2 Rxf1 28. Rxf1 Ng7 29. Qf6 Rf8 30. h4 Bxc2 31. h5 Ne6 32. h6
Bg6 33. Re1 Kh7 34. Rxe6 Kxh6 35. g5+ Kh7 36. Re1 d3 37. Rh1 Kg8 38. Kg3 Bh7
39. Qh6 Re8 40. Qxh7+ Kf8 41. Qh8+ Ke7 42. Re1+ Kd7 43. Qxe8# {Black
checkmated} 1-0

[Event "ICC tourney 2808 (40 10)"]
[Site "Internet Chess Club"]
[Date "2022.01.29"]
[Round "4"]
[White "YADHUNANDAN, ADIDEV:Yadhunandan"]
[Black "Dave, Kishan Sharadkumar:ksdave1966"]
[Result "1-0"]
[ICCResult "Black resigns"]
[WhiteElo "756"]
[BlackElo "1400"]
[Opening "QGD semi-Slav: 5.e3"]
[ECO "D45"]
[NIC "SL.08"]
[Time "17:45:31"]
[PlyCount "89"]
[TimeControl "2400+10"]

1. d4 d5 2. c4 c6 3. Nc3 e6 4. Nf3 Nf6 5. e3 a5 6. Bd3 Bd6 7. O-O O-O 8. g3
Nbd7 9. cxd5 cxd5 10. Re1 e5 11. dxe5 Nxe5 12. Nxe5 Bxe5 13. e4 dxe4 14.
Nxe4 Rb8 15. Nxf6+ Qxf6 16. Qh5 g6 17. Qxe5 Qxe5 18. Rxe5 Bh3 19. Bf4 Rbd8
20. Bf1 Bf5 21. Rxa5 Rd7 22. Bb5 Rd5 23. Bh6 Rfd8 24. Re1 b6 25. Ra3 Rxb5
26. Rae3 Be6 27. b3 Rh5 28. Bf4 b5 29. Be5 g5 30. g4 Bxg4 31. Bf6 Be6 32.
Bxd8 Kg7 33. Re5 h6 34. Rxb5 Rh4 35. a4 Rg4+ 36. Kf1 Rf4 37. Re3 Rd4 38. Bc7
Kg6 39. a5 h5 40. a6 Rd7 41. a7 Rxc7 42. a8=Q Rc1+ 43. Re1 Rc3 44. Qe4+ Kh6
45. Rb6 {Black resigns} 1-0

[Event "ICC tourney 2808 (40 10)"]
[Site "Internet Chess Club"]
[Date "2022.01.29"]
[Round "4"]
[White "SUNDARAM, KAVIN:weirdchicken"]
[Black "SUNDARAM, SREE:SreeVSundaram"]
[Result "1-0"]
[ICCResult "Black resigns"]
[WhiteElo "876"]
[BlackElo "1180"]
[Opening "Sicilian defense"]
[ECO "B40"]
[NIC "SI.43"]
[Time "17:45:30"]
[PlyCount "89"]
[TimeControl "2400+10"]

1. e4 c5 2. Nf3 e6 3. Nc3 Nc6 4. Bc4 Nf6 5. d3 d5 6. exd5 exd5 7. Bb3 Be7 8.
O-O O-O 9. Bg5 d4 10. Bxf6 Bxf6 11. Ne4 b6 12. h3 Re8 13. Nh2 Bf5 14. Qf3
Bxe4 15. dxe4 Ne5 16. Qe2 c4 17. Ba4 Re7 18. f4 Nd7 19. e5 g6 20. Qxc4 Bg7
21. Qxd4 Nc5 22. Qxd8+ Rxd8 23. Bb3 Nxb3 24. axb3 Rd2 25. Rf2 Rxf2 26. Kxf2
f6 27. Ng4 fxe5 28. fxe5 Bxe5 29. Nxe5 Rxe5 30. Rxa7 Rb5 31. Rc7 h5 32. g4
hxg4 33. hxg4 Kf8 34. Kf3 Rc5 35. Rxc5 bxc5 36. Kf4 Ke7 37. Kg5 Kf7 38. c3
Kg7 39. b4 cxb4 40. cxb4 Kf7 41. b5 Kg7 42. b6 Kf7 43. b7 Ke6 44. b8=Q Kd5
45. Kxg6 {Black resigns} 1-0

[Event "ICC tourney 2808 (40 10)"]
[Site "Internet Chess Club"]
[Date "2022.01.29"]
[Round "4"]
[White "NANDURBARKAR, ANSH S:anandurbarkar"]
[Black "Nagarajan, Ramesh:rnagaraj"]
[Result "0-1"]
[ICCResult "White resigns"]
[WhiteElo "1009"]
[BlackElo "1201"]
[Opening "Giuoco Piano: four knights variation"]
[ECO "C46"]
[NIC "KP.06"]
[Time "17:45:26"]
[PlyCount "78"]
[TimeControl "2400+10"]

1. e4 e5 2. Nf3 Nc6 3. Nc3 Bc5 4. Bc4 Nf6 5. O-O d6 6. h3 O-O 7. a3 Be6 8.
Bxe6 fxe6 9. b4 Bb6 10. Bb2 a6 11. Re1 Re8 12. d3 d5 13. exd5 exd5 14. Ne2
e4 15. Nfd4 Qd6 16. Nf5 Qf8 17. c3 Ne7 18. Nxe7+ Rxe7 19. Ng3 Nd7 20. Re2
Rae8 21. d4 c6 22. Qb3 Qf7 23. a4 Bc7 24. Re3 Nb6 25. Ne2 Nc4 26. Rg3 Bxg3
27. Nxg3 e3 28. fxe3 Nxe3 29. Ba3 Qg6 30. Kh2 Nc4 31. Bc1 Re1 32. Qa2 Qf6
33. Nh5 Qd6+ 34. Ng3 R8e2 35. Qb1 Ne3 36. Bxe3 Rxb1 37. Rxb1 Rxe3 38. Rg1
Qxg3+ 39. Kh1 Rxc3 {White resigns} 0-1

[Event "ICC tourney 2808 (40 10)"]
[Site "Internet Chess Club"]
[Date "2022.01.29"]
[Round "4"]
[White "TOUS, SEBASTIAN:SeaBiscuit12"]
[Black "SISTA, SAI VIJAY HIMAGHNA:Chessboy5"]
[Result "0-1"]
[ICCResult "White checkmated"]
[WhiteElo "1014"]
[BlackElo "1263"]
[Opening "English: symmetrical variation"]
[ECO "A30"]
[NIC "EO.34"]
[Time "17:45:28"]
[PlyCount "92"]
[TimeControl "2400+10"]

1. c4 c5 2. Nf3 Nc6 3. Nc3 g6 4. e3 Bg7 5. d4 cxd4 6. exd4 d6 7. Be2 Bg4 8.
Be3 Nf6 9. O-O O-O 10. h3 Bf5 11. d5 Nb4 12. Nd4 Bd7 13. a3 Na6 14. Qd2 Nc5
15. b4 Nce4 16. Nxe4 Nxe4 17. Qc2 Nf6 18. Rac1 e6 19. dxe6 fxe6 20. Rfd1 Rc8
21. Qd2 d5 22. Bg5 Ne4 23. Bxd8 Nxd2 24. Be7 Rfe8 25. Bg5 Ne4 26. Be3 e5 27.
Nf3 d4 28. Bg5 h6 29. Bh4 g5 30. Bg3 Ba4 31. Re1 Nc3 32. Bf1 e4 33. Nd2 d3
34. Bh2 Na2 35. Rb1 Bc2 36. c5 Bxb1 37. Nxb1 Nc3 38. Nd2 Rcd8 39. Bc7 Rd7
40. Bd6 Nb5 41. Rxe4 Rxe4 42. Nxe4 Nxd6 43. Nxd6 d2 44. Be2 Be5 45. Nc4
d1=Q+ 46. Bxd1 Rxd1# {White checkmated} 0-1

[Event "ICC tourney 2808 (40 10)"]
[Site "Internet Chess Club"]
[Date "2022.01.29"]
[Round "4"]
[White "CHANDRANI, AADI:soreairplane"]
[Black "Goldblatt, Steven:SGOLD9367"]
[Result "0-1"]
[ICCResult "White resigns"]
[WhiteElo "1434"]
[BlackElo "1348"]
[Opening "French: exchange variation"]
[ECO "C01"]
[NIC "FR.01"]
[Time "17:59:35"]
[PlyCount "72"]
[TimeControl "2400+10"]

1. e4 e6 2. d4 d5 3. exd5 exd5 4. c4 Nf6 5. Nc3 Be6 6. c5 Nc6 7. Nf3 Be7 8.
Bb5 Bd7 9. O-O O-O 10. h3 a6 11. Ba4 Na7 12. Bb3 c6 13. a4 Re8 14. Bf4 h6
15. Bc2 Qc8 16. Kh2 Bf5 17. Re1 Bxc2 18. Qxc2 Nh5 19. Bg3 Nxg3 20. fxg3 Qc7
21. Re2 Bf6 22. Rae1 Qd7 23. Qb3 Rxe2 24. Rxe2 Nc8 25. a5 Bd8 26. Qa3 Qc7
27. b4 Ne7 28. Na4 Nf5 29. Nd2 Bf6 30. Nb6 Rd8 31. Qd3 Nxd4 32. Re1 Ne6 33.
Kh1 Be5 34. g4 Bf6 35. Kg1 Qf4 36. Nf1 Qxb4 {White resigns} 0-1

[Event "ICC tourney 2808 (40 10)"]
[Site "Internet Chess Club"]
[Date "2022.01.29"]
[Round "4"]
[White "Sreekumar, Gauri:gsgirl"]
[Black "Agahian, Ryan:AgahianR"]
[Result "1-0"]
[ICCResult "Black checkmated"]
[WhiteElo "1448"]
[BlackElo "836"]
[Opening "Queen's pawn game, Darooha variation "]
[ECO "D02"]
[NIC "QP.09"]
[Time "17:45:36"]
[PlyCount "73"]
[TimeControl "2400+10"]

1. Nf3 d5 2. d4 Nf6 3. g3 Bf5 4. Bg2 e6 5. O-O Be7 6. c4 c6 7. Nc3 Na6 8. a3
O-O 9. Qb3 Qd7 10. Ne5 Qc7 11. Bf4 Nh5 12. Bd2 Bd6 13. Bf3 Nf6 14. Rfd1 h6
15. Rac1 Rab8 16. cxd5 Nc5 17. dxc5 Bxe5 18. d6 Qd7 19. Qa2 Nd5 20. Bg2 b6
21. b4 bxc5 22. bxc5 Rb7 23. Na4 Bh7 24. Rc4 Rfb8 25. Bc1 Qd8 26. f4 Bf6 27.
e4 Bb2 28. Nxb2 Rxb2 29. Bxb2 Ne3 30. Rd2 Nxc4 31. Qxc4 Qa5 32. Qd4 Kf8 33.
Qxg7+ Ke8 34. Qh8+ Kd7 35. Qxb8 e5 36. Qb7+ Ke6 37. Qe7# {Black checkmated}
1-0

[Event "ICC tourney 2808 (40 10)"]
[Site "Internet Chess Club"]
[Date "2022.01.29"]
[Round "4"]
[White "MEI, ZERUI TITUS:Thankfulfortune"]
[Black "Jones, Richard S:weakfish"]
[Result "0-1"]
[ICCResult "White checkmated"]
[WhiteElo "1080"]
[BlackElo "1422"]
[Opening "Caro-Kann: advance variation"]
[ECO "B12"]
[NIC "CK.04"]
[Time "17:45:45"]
[PlyCount "130"]
[TimeControl "2400+10"]

1. e4 c6 2. d4 d5 3. e5 Bf5 4. Nf3 e6 5. Be2 Nd7 6. c3 c5 7. O-O cxd4 8.
cxd4 Rc8 9. Nc3 a6 10. a3 h6 11. Bf4 Ne7 12. Qd2 Nc6 13. Bd3 Bxd3 14. Qxd3
Be7 15. b4 O-O 16. b5 axb5 17. Nxb5 Nb6 18. h3 Nc4 19. Nd2 N6a5 20. Nxc4
Nxc4 21. Rfe1 Qd7 22. a4 Ra8 23. Qg3 Kh7 24. Qd3+ g6 25. Qc3 Rfc8 26. Qf3
Rf8 27. Qc3 Rac8 28. Qb3 Kg7 29. Kh2 g5 30. Be3 f5 31. exf6+ Rxf6 32. Rac1
Rcf8 33. Re2 Bd6+ 34. Nxd6 Nxd6 35. Qb6 Nc4 36. Qb3 Nxe3 37. Qxe3 Rc8 38.
Rxc8 Qxc8 39. Qe5 Qd7 40. Rc2 Kg6 41. Rc7 Qxa4 42. Re7 Qc6 43. Qe2 Qd6+ 44.
g3 Qxe7 45. Qd3+ Kg7 46. h4 Rxf2+ 47. Kh3 Qf6 48. Qb1 Qf5+ 49. Qxf5 Rxf5 50.
hxg5 hxg5 51. g4 Rf3+ 52. Kg2 Rd3 53. Kf2 Rxd4 54. Ke2 Rxg4 55. Kf2 Ra4 56.
Ke2 Ra3 57. Kd2 g4 58. Ke2 e5 59. Kf2 e4 60. Ke1 Ra2 61. Kf1 g3 62. Kg1 e3
63. Kf1 d4 64. Ke1 d3 65. Kd1 Ra1# {White checkmated} 0-1

[Event "ICC tourney 2808 (40 10)"]
[Site "Internet Chess Club"]
[Date "2022.01.29"]
[Round "4"]
[White "HAMLETT, JAMES MORRISON:Hamlett144"]
[Black "SATHYAN, TEJESH MAYURAN:tjsathyan"]
[Result "0-1"]
[ICCResult "White resigns"]
[WhiteElo "1276"]
[BlackElo "1169"]
[Opening "Sicilian: Grand Prix attack"]
[ECO "B23"]
[NIC "SI.44"]
[Time "17:46:21"]
[PlyCount "58"]
[TimeControl "2400+10"]

1. e4 c5 2. Nc3 Nc6 3. f4 d6 4. Bb5 Bd7 5. Nf3 g6 6. O-O Bg7 7. e5 dxe5 8.
Bxc6 Bxc6 9. fxe5 Bxe5 10. Kh1 Bg7 11. d3 Nf6 12. Ne5 Rc8 13. Bf4 O-O 14.
Nxc6 Rxc6 15. Qf3 Qa8 16. Rae1 Re8 17. Be5 a6 18. Nd5 Qd8 19. c4 Rf8 20. Nf4
Nd7 21. Bxg7 Kxg7 22. Nd5 e6 23. Nf4 Qf6 24. Qg3 Qxb2 25. Rb1 Qe5 26. Rxb7
Rc7 27. Rxc7 Qxc7 28. Nxe6+ fxe6 29. Rxf8 Qxg3 {White resigns} 0-1

[Event "ICC tourney 2808 (40 10)"]
[Site "Internet Chess Club"]
[Date "2022.01.29"]
[Round "4"]
[White "HUANG, TERRY TIANYI:hhuangterry"]
[Black "BRUDNO, STEPHEN:StevChess01"]
[Result "0-1"]
[ICCResult "White resigns"]
[WhiteElo "1177"]
[BlackElo "1440"]
[Opening "Nimzo-Indian: three knights variation"]
[ECO "E21"]
[NIC "NI.28"]
[Time "17:45:29"]
[PlyCount "104"]
[TimeControl "2400+10"]

1. d4 Nf6 2. c4 e6 3. Nf3 Bb4+ 4. Nc3 Bxc3+ 5. bxc3 O-O 6. Bg5 d6 7. e3 Nbd7
8. Bd3 c5 9. O-O Qc7 10. Qc2 h6 11. Bh4 b6 12. Bg3 Re8 13. Nd2 e5 14. d5 Nf8
15. a4 a5 16. Nb1 Bg4 17. Na3 Bh5 18. Rab1 Rab8 19. Rb5 Bg6 20. Rfb1 Bxd3
21. Qxd3 N8d7 22. R5b3 Rb7 23. Nb5 Qb8 24. e4 Rf8 25. Qf3 Ne8 26. h4 Qd8 27.
Qg4 Qf6 28. h5 Qg5 29. Qh3 Ndf6 30. Qc8 Rd7 31. Bh2 Nc7 32. Qxc7 Rxc7 33.
Nxc7 Nxe4 34. Rxb6 Nxc3 35. Ra1 Rd8 36. Ra6 Nxa4 37. Rxa5 Nc3 38. Ra8 Rxa8
39. Rxa8+ Kh7 40. Ra1 Qxh5 41. Nb5 Ne2+ 42. Kf1 Nd4 43. Nxd4 cxd4 44. Kg1
Qe2 45. c5 dxc5 46. d6 Qg4 47. Bxe5 f6 48. f3 Qd7 49. Bg3 c4 50. Kf2 c3 51.
Ke2 Qb5+ 52. Ke1 d3 {White resigns} 0-1

[Event "ICC tourney 2808 (40 10)"]
[Site "Internet Chess Club"]
[Date "2022.01.29"]
[Round "4"]
[White "WESLEY, GEORGE:Maglars"]
[Black "JAIN, PARINYA:StockAlpha2020"]
[Result "0-1"]
[ICCResult "White checkmated"]
[WhiteElo "1227"]
[BlackElo "1288"]
[Opening "English: Carls' Bremen system"]
[ECO "A22"]
[NIC "EO.10"]
[Time "17:45:29"]
[PlyCount "82"]
[TimeControl "2400+10"]

1. c4 e5 2. Nc3 Nf6 3. g3 Bc5 4. Bg2 d6 5. e3 O-O 6. Nge2 Nc6 7. O-O Be6 8.
d4 exd4 9. exd4 Nxd4 10. Nxd4 Bxc4 11. Re1 c6 12. a3 a5 13. Nf3 Ng4 14. Ne4
Bb6 15. h3 d5 16. hxg4 dxe4 17. Qxd8 Raxd8 18. Nd2 e3 19. fxe3 Be6 20. Bf3
Rfe8 21. Kg2 Rd3 22. Nf1 Bb3 23. e4 a4 24. Bf4 Ba5 25. Re3 Rd7 26. Rc1 h6
27. Re2 Bd1 28. Ne3 Bxe2 29. Bxe2 g5 30. Nc4 gxf4 31. Nxa5 Rxe4 32. Bf3 Rd2+
33. Kh3 Red4 34. b3 R4d3 35. Nc4 Ra2 36. Rf1 axb3 37. gxf4 b2 38. Kh4 Rxf3
39. Rb1 Ra1 40. Rxb2 Rh1+ 41. Rh2 Rxh2# {White checkmated} 0-1

[Event "ICC tourney 2808 (40 10)"]
[Site "Internet Chess Club"]
[Date "2022.01.29"]
[Round "4"]
[White "ARI, SRINANDASAI:srinandasai12"]
[Black "ZHANG, FRED:Fredzhang"]
[Result "0-1"]
[ICCResult "White checkmated"]
[WhiteElo "1168"]
[BlackElo "1494"]
[Opening "Sicilian: Alapin's variation (2.c3)"]
[ECO "B22"]
[NIC "SI.46"]
[Time "17:46:21"]
[PlyCount "134"]
[TimeControl "2400+10"]

1. e4 c5 2. c3 Nc6 3. d4 cxd4 4. cxd4 d5 5. exd5 Qxd5 6. Nf3 e6 7. Be2 Nf6
8. O-O Bd7 9. Nc3 Qf5 10. a3 Be7 11. b4 Nd5 12. Bd2 Nxc3 13. Bxc3 Bf6 14.
Bd3 Qd5 15. Bc2 O-O 16. Qd3 g6 17. Rfe1 Ne7 18. Ne5 Bb5 19. Qg3 Nf5 20. Qf4
Rac8 21. Be4 Qd6 22. Bb2 Bg7 23. Bxb7 Rc2 24. Rab1 Rb8 25. Be4 Bh6 26. Qg4
Rc7 27. Nf3 Bg7 28. Bxf5 exf5 29. Qg5 Rd7 30. Qd2 Rbd8 31. Rbd1 Ba4 32. Rc1
Bc6 33. Qe3 Bxf3 34. gxf3 Bxd4 35. Bxd4 Qxd4 36. Qg5 Qd3 37. Re3 Qd2 38.
Rce1 Kg7 39. Qg3 Rd5 40. Qc7 R8d7 41. Qg3 Qd4 42. Kg2 f4 43. Qg4 fxe3 44.
Qxd4+ Rxd4 45. Rxe3 Rd3 46. Re4 Rxa3 47. b5 Rb3 48. Re5 f6 49. Rc5 Rb7 50.
Rc6 R3xb5 51. Ra6 R5b6 52. Ra5 a6 53. Kg3 Ra7 54. Kg2 Rb5 55. Ra4 a5 56. Rc4
a4 57. Rc2 a3 58. Ra2 Rb2 59. Ra1 a2 60. Rc1 Rb1 61. Rc8 a1=Q 62. Kg3 Rg1+
63. Kh3 Qe5 64. Rg8+ Kxg8 65. f4 Qxf4 66. f3 Qxf3+ 67. Kh4 Ra4#
{White checkmated}
0-1

[Event "ICC tourney 2808 (40 10)"]
[Site "Internet Chess Club"]
[Date "2022.01.29"]
[Round "5"]
[White "Dave, Kishan Sharadkumar:ksdave1966"]
[Black "Wadhwa, Tejas:WinPeps"]
[Result "0-1"]
[ICCResult "White resigns"]
[WhiteElo "1400"]
[BlackElo "680"]
[Opening "Giuoco Piano"]
[ECO "C54"]
[NIC "IG.02"]
[Time "20:00:20"]
[PlyCount "26"]
[TimeControl "2400+10"]

1. e4 e5 2. Nf3 Nc6 3. Bc4 Bc5 4. c3 Nf6 5. d3 d5 6. exd5 Nxd5 7. O-O O-O 8.
b4 Bb6 9. a4 a6 10. Nbd2 Nxc3 11. Qc2 Ne2+ 12. Kh1 Ned4 13. Rb1 Nxc2
{White resigns}
0-1

[Event "ICC tourney 2808 (40 10)"]
[Site "Internet Chess Club"]
[Date "2022.01.29"]
[Round "5"]
[White "Agahian, Ryan:AgahianR"]
[Black "LEE, JEFFREY ALAN:jleecbd"]
[Result "1-0"]
[ICCResult "Black resigns"]
[WhiteElo "836"]
[BlackElo "1140"]
[Opening "QGD: 4.Bg5"]
[ECO "D50"]
[NIC "QO.16"]
[Time "20:00:28"]
[PlyCount "43"]
[TimeControl "2400+10"]

1. d4 d5 2. c4 Nf6 3. Nc3 e6 4. Bg5 Bb4 5. a3 Ba5 6. b4 Bb6 7. c5 Bxc5 8.
bxc5 O-O 9. Nf3 b6 10. e4 dxe4 11. Nxe4 Nbd7 12. c6 Nb8 13. Nxf6+ gxf6 14.
Bh4 Nxc6 15. Bb5 Bb7 16. O-O a6 17. Bd3 Nxd4 18. Nxd4 Qxd4 19. Bxh7+ Kxh7
20. Qxd4 Rad8 21. Qxf6 Rd7 22. Bg5 {Black resigns} 1-0

[Event "ICC tourney 2808 (40 10)"]
[Site "Internet Chess Club"]
[Date "2022.01.29"]
[Round "5"]
[White "CAO, DANIEL:danielcao"]
[Black "NANDURBARKAR, ANSH S:anandurbarkar"]
[Result "0-1"]
[ICCResult "White resigns"]
[WhiteElo "1318"]
[BlackElo "1009"]
[Opening "Giuoco Piano: Greco's attack"]
[ECO "C54"]
[NIC "IG.02"]
[Time "20:00:22"]
[PlyCount "50"]
[TimeControl "2400+10"]

1. e4 e5 2. Nf3 Nc6 3. Bc4 Bc5 4. c3 Nf6 5. d4 exd4 6. cxd4 Bb4+ 7. Nc3 O-O
8. Qe2 d6 9. O-O Re8 10. Bd3 Bxc3 11. bxc3 Bg4 12. h3 Bh5 13. g4 Bg6 14. Nh4
Bxe4 15. Bxe4 Nxe4 16. Qf3 Qxh4 17. Rb1 Rab8 18. d5 Na5 19. Kh2 Nc4 20. Rb4
Ncd2 21. Bxd2 Nxd2 22. Qg2 Nxf1+ 23. Qxf1 Re5 24. f4 Re1 25. Qg2 Rbe8
{White resigns}
0-1

[Event "ICC tourney 2808 (40 10)"]
[Site "Internet Chess Club"]
[Date "2022.01.29"]
[Round "5"]
[White "ZHAO, DANSON:K01-30127679"]
[Black "NAGINENI, SATHVIK HRIDAY:sathvik07"]
[Result "0-1"]
[ICCResult "White checkmated"]
[WhiteElo "1110"]
[BlackElo "787"]
[Opening "Caro-Kann defense"]
[ECO "B10"]
[NIC "CK.01"]
[Time "20:02:21"]
[PlyCount "64"]
[TimeControl "2400+10"]

1. e4 c6 2. Nf3 d5 3. exd5 cxd5 4. d4 Nf6 5. Nc3 Nc6 6. Be3 Bg4 7. h3 Bh5 8.
Be2 e6 9. O-O a6 10. a3 Bd6 11. Qd2 O-O 12. Bg5 h6 13. Bf4 Rc8 14. Bxd6 Qxd6
15. Rad1 Rfd8 16. Rfe1 Ne4 17. Nxe4 dxe4 18. Nh2 Bg6 19. c3 e5 20. d5 Ne7
21. c4 b5 22. Ng4 bxc4 23. Ne3 f6 24. Bxc4 Nf5 25. Nxf5 Bxf5 26. Ba2 Rc5 27.
Rc1 Be6 28. Rxc5 Qxc5 29. dxe6 Rxd2 30. e7+ Kh7 31. e8=Q Qxf2+ 32. Kh1 Qxg2#
{White checkmated}
0-1